Map: Orbital Shipyard

Players

KoMA

  • Race: Terran Terran
  • League: Master

State - Winner!

  • Race: Protoss Protoss
  • League: Master

VOD

Have the link to the VOD?

Description

Time

  • Played on: Feb. 1, 2016, 7:45 p.m.
  • Length: 15:28
Show
View Real Time Build Order
Export as new Build Order

KoMA Terran 

Build Orders: MMM Bio 

Get SALT Encoding   

  12  0:02  SCV  
  13  0:19  Supply Depot  
  13  0:42  Barracks  
  13  0:43  Refinery, SCV  
  14  0:56  SCV  
  15  1:06  Refinery  
  15  1:08  SCV  
  16  1:20  SCV  
  17  1:30  Reaper  
  17  1:32  Orbital Command  
  18  1:39  Supply Depot  
  18  1:50  Factory  
  18  1:57  SCV  
  19  2:02  Reaper  
  20  2:09  SCV  
  21  2:21  SCV  
  22  2:34  SCV  
  23  2:39  Factory Tech Lab  
  23  2:40  Reaper  
  24  2:46  SCV  
  25  2:58  Command Center, SCV  
  26  3:02  Cyclone  
  29  3:17  SCV  
  29  3:29  Supply Depot  
  30  3:38  Widow Mine  
  31  3:47  SCV  
  31  4:01  Command Center  
  31  4:02  SCV  
  32  4:11  Cyclone  
  32  4:13  SCV  
  36  4:24  Barracks  
  36  4:25  Barracks  
  36  4:26  SCV  
  37  4:36  Orbital Command  
  37  4:37  Barracks  
  37  4:38  SCV  
  38  4:55  SCV  
  38  4:59  Engineering Bay  
  39  5:03  Factory Reactor  
  39  5:06  SCV  
  39  5:07  SCV  
  41  5:09  Starport  
  41  5:15  Barracks Tech Lab  
  41  5:16  Barracks Tech Lab  
  41  5:18  SCV  
  41  5:19  SCV  
  46  5:21  Orbital Command  
  43  5:31  SCV x2  
  43  5:33  Barracks Reactor  
  45  5:35  Terran Infantry Weapons Level 1  
  45  5:41  Stimpack  
  45  5:42  Combat Shields, Marine x2  
  47  5:43  SCV x2  
  47  5:49  SCV  
  49  5:52  Factory Reactor  
  49  5:55  SCV x2  
  51  6:01  SCV  
  52  6:05  Barracks  
  52  6:07  Refinery, SCV x2  
  52  6:08  Refinery, Marine x2  
  52  6:09  Marine, Barracks  
  57  6:13  SCV  
  57  6:15  Supply Depot  
  58  6:21  Medivac x2  
  62  6:26  SCV  
  62  6:27  SCV  
  62  6:31  Supply Depot  
  62  6:32  Marine x3  
  69  6:33  Marauder  
  69  6:37  Supply Depot  
  69  6:38  Widow Mine x2  
  73  6:42  Missile Turret  
  73  6:43  Missile Turret  
  73  6:46  SCV  
  74  6:50  Marauder  
  74  6:51  Marine  
  69  6:59  Marine  
  69  7:00  SCV x2  
  70  7:07  Orbital Command  
  71  7:09  Marine  
  71  7:10  Marauder  
  71  7:12  Barracks Tech Lab, Widow Mine x2, Barracks Reactor, SCV  
  71  7:13  SCV  
  80  7:22  Supply Depot, Marine  
  80  7:23  Medivac x2  
  80  7:25  SCV x2  
  80  7:27  Missile Turret  
  86  7:30  Terran Infantry Armor Level 1  
  86  7:32  Marine x2  
  86  7:33  Marauder, SCV  
  91  7:41  SCV x2  
  93  7:47  Widow Mine x2, Missile Turret  
  93  7:48  Missile Turret  
  97  7:52  Supply Depot  
  97  7:53  Supply Depot  
  97  7:55  SCV x2  
  99  8:00  Marine x2  
  99  8:01  Sensor Tower  
  101  8:07  Liberator x2  
  101  8:13  Marine x3, Engineering Bay, SCV x2  
  101  8:14  Armory  
  101  8:15  Widow Mine  
  107  8:24  Widow Mine  
  107  8:26  SCV  
  116  8:32  Marine  
  117  8:36  Supply Depot  
  117  8:38  Missile Turret  
  117  8:47  Supply Depot  
  117  8:57  Widow Mine, Marine x2  
  117  8:58  Marauder x2  
  125  9:03  Terran Infantry Weapons Level 2, Barracks  
  125  9:04  Refinery, Barracks  
  125  9:05  Barracks  
  125  9:09  Marine x3  
  128  9:15  Marauder, Marine  
  125  9:18  Marine  
  125  9:19  Marauder  
  125  9:21  Medivac  
  125  9:22  Medivac  
  132  9:26  Marine  
  132  9:30  Terran Infantry Armor Level 2  
  133  9:33  Supply Depot, Marine  
  133  9:34  SCV x3  
  133  9:37  Marauder  
  139  9:39  Supply Depot  
  139  9:42  Widow Mine  
  141  9:51  Supply Depot  
  141  9:54  Widow Mine, Marine  
  141  9:55  Marauder  
  141  9:59  Medivac  
  148  10:00  Medivac, Supply Depot, Barracks Tech Lab, Barracks Reactor  
  148  10:01  Barracks Tech Lab  
  148  10:05  SCV x3  
  153  10:11  Marine  
  153  10:12  Marauder  
  153  10:14  Marauder, Marine  
  157  10:17  SCV  
  160  10:23  SCV  
  160  10:24  SCV  
  160  10:25  Marine x3  
  160  10:26  Marauder  
  167  10:36  Marine x3  
  167  10:37  Marauder, Marine x2  
  167  10:38  Marauder, Widow Mine x2  
  174  10:47  Supply Depot, Marine  
  174  10:48  Marauder  
  177  10:53  Concussive Shells  
  177  10:55  Marauder, Marine  
  180  10:58  Marine  
  180  11:04  Ghost Academy  
  181  11:09  Marauder x2, Marine x3  
  188  11:19  Marine  
  188  11:22  Terran Infantry Weapons Level 3  
  188  11:24  Marauder  
  191  11:26  Marine x2  
  191  11:28  Command Center  
  191  11:32  Marine  
  196  11:33  Marauder  
  196  11:43  Marine  
  197  12:05  Ghost  
  197  12:06  Marine  
  197  12:07  Ghost  
  197  12:13  Marine x2  
  197  12:15  Widow Mine, Marine x2  
  197  12:16  Widow Mine  
  197  12:17  Ghost  
  197  12:19  Marauder, Ghost  
  189  12:26  Marine  
  175  12:35  Marauder, Marine  
  139  12:37  Marine x2  
  139  12:38  Marauder  
  139  12:39  Medivac  
  139  12:40  Marine x2  
  139  12:43  Marine  
  139  12:44  Widow Mine  
  129  12:46  Marine  
  129  12:47  Marine  
  129  12:51  Marine  
  117  12:52  Widow Mine, Marine  
  117  12:55  Medivac, Marine  
  117  12:56  Marauder, Marine  
  123  12:58  Marine  
  123  13:03  Marine  
  125  13:06  Marine  
  125  13:07  Marine  
  125  13:09  Marine  
  125  13:11  Marine  
  124  13:14  Marine  
  124  13:16  Marine  
  124  13:19  Marine  
  125  13:24  Marine x2  
  127  13:30  Marine  
  120  13:37  Marine x3  
  121  13:45  Marauder, Marine  
  121  13:47  Marine x2  
  124  13:56  Marine x2  
  124  14:06  Marine x2  
  124  14:08  Marine  
  127  14:16  Marine  
  126  14:17  Marauder, Marine x2  
  126  14:20  Marine  
  129  14:25  Marine  
  129  14:26  Marauder  
  129  14:32  Marine x2  
  129  14:33  Marauder  
  128  14:42  Marauder, Marine x2  
  128  14:45  Marine x2  
  128  14:49  Marine  
  128  14:51  Marine x2  
  128  14:52  Widow Mine  
  90  15:01  Marine x3  
  90  15:06  Marine x3  
Show
View Real Time Build Order
Export as new Build Order

State Protoss - Winner!

Build Orders: 1 Gate Expand 

Get SALT Encoding   

  12  0:02  Probe (Chrono Boost)  
  13  0:13  Probe (Chrono Boost)  
  14  0:19  Pylon  
  14  0:23  Probe (Chrono Boost)  
  15  0:37  Probe (Chrono Boost)  
  15  0:38  Gateway  
  16  0:43  Assimilator  
  16  0:47  Probe (Chrono Boost)  
  17  0:58  Probe (Chrono Boost)  
  18  1:08  Probe (Chrono Boost)  
  19  1:23  Nexus  
  19  1:32  Cybernetics Core  
  19  1:39  Zealot (Chrono Boost)  
  21  1:42  Probe  
  22  1:48  Assimilator  
  22  1:54  Pylon  
  22  1:58  Probe (Chrono Boost)  
  23  2:12  Stalker (Chrono Boost)  
  24  2:20  Probe (Chrono Boost)  
  23  2:31  Mothership Core (Chrono Boost)  
  23  2:33  Probe (Chrono Boost)  
  25  2:45  Probe (Chrono Boost), Adept (Chrono Boost)  
  25  2:51  Probe (Chrono Boost)  
  28  2:54  Warp Gate  
  28  2:56  Probe (Chrono Boost)  
  29  3:01  Probe (Chrono Boost)  
  30  3:06  Probe (Chrono Boost)  
  30  3:12  Probe (Chrono Boost)  
  31  3:15  Adept  
  34  3:20  Probe (Chrono Boost)  
  34  3:23  Probe (Chrono Boost)  
  35  3:30  Probe (Chrono Boost)  
  35  3:34  Probe (Chrono Boost)  
  37  3:41  Probe (Chrono Boost)  
  38  3:44  Probe (Chrono Boost)  
  39  3:51  Probe (Chrono Boost)  
  39  3:55  Probe (Chrono Boost)  
  40  4:03  Stargate, Probe (Chrono Boost)  
  40  4:05  Probe (Chrono Boost)  
  42  4:14  Probe (Chrono Boost)  
  42  4:16  Stalker, Probe (Chrono Boost)  
  45  4:24  Probe (Chrono Boost)  
  45  4:26  Probe (Chrono Boost)  
  46  4:35  Gateway, Probe (Chrono Boost)  
  46  4:37  Probe (Chrono Boost)  
  46  4:39  Gateway x2  
  46  4:49  Probe  
  46  4:50  Pylon  
  45  4:56  Pylon  
  45  5:00  Twilight Council  
  45  5:03  Pylon  
  46  5:07  Probe  
  46  5:08  Oracle (Chrono Boost)  
  46  5:09  Probe  
  50  5:19  Assimilator, Probe x2  
  52  5:23  Assimilator  
  52  5:24  Robotics Facility  
  52  5:30  Probe  
  52  5:31  Probe  
  54  5:37  Stalker x2  
  54  5:40  Probe  
  54  5:42  Oracle (Chrono Boost)  
  62  5:44  Probe  
  63  5:51  Blink (Chrono Boost), Probe  
  64  5:58  Probe  
  64  6:02  Forge  
  65  6:06  Probe  
  66  6:13  Gateway  
  66  6:14  Sentry  
  66  6:15  Observer  
  70  6:20  Nexus  
  70  6:22  Pylon  
  69  6:31  Pylon  
  69  6:34  Pylon  
  69  6:35  Pylon, Protoss Ground Weapons Level 1 (Chrono Boost)  
  69  6:37  Probe  
  69  6:38  Probe  
  71  6:49  Probe x2  
  73  6:59  Probe  
  73  7:01  Probe  
  72  7:06  Stalker x4  
  80  7:09  Pylon  
  80  7:10  Pylon  
  80  7:13  Probe  
  81  7:19  Assimilator  
  81  7:22  Warp Prism (Chrono Boost)  
  81  7:24  Assimilator  
  81  7:27  Probe x2  
  85  7:32  Sentry  
  85  7:33  Probe, Sentry  
  90  7:38  Dark Shrine  
  90  7:39  Probe  
  91  7:44  Gateway, Probe  
  91  7:45  Probe, Gateway  
  93  7:52  Pylon  
  90  8:07  Stalker x5  
  90  8:10  Probe x2  
  102  8:16  Immortal  
  102  8:17  Charge  
  106  8:32  Adept x4  
  114  8:39  Protoss Ground Armor Level 1 (Chrono Boost)  
  114  8:41  Gateway  
  114  8:42  Gateway  
  114  8:46  Pylon  
  114  8:48  Forge  
  114  8:52  Pylon  
  114  9:02  Zealot x3  
  120  9:08  Nexus  
  110  9:12  Pylon  
  110  9:13  Pylon  
  110  9:15  Pylon  
  110  9:18  Zealot x4  
  118  9:36  Protoss Ground Weapons Level 2 (Chrono Boost)  
  118  9:38  Zealot  
  118  9:45  Warp Prism, Templar Archives  
  120  9:46  Stalker  
  120  9:47  Zealot x6  
  136  9:53  Pylon  
  136  10:03  Probe  
  136  10:04  Probe  
  138  10:22  Probe  
  138  10:23  Psionic Storm, Probe x3  
  138  10:24  Photon Cannon  
  138  10:28  Photon Cannon  
  134  10:35  Probe x3  
  134  10:36  Protoss Ground Armor Level 2 (Chrono Boost)  
  134  10:42  High Templar x5  
  140  10:43  High Templar x3  
  140  10:44  High Templar  
  140  10:45  Immortal  
  140  10:47  Probe  
  140  10:48  Probe  
  155  11:00  Pylon  
  155  11:02  Pylon  
  155  11:04  Pylon  
  155  11:12  Nexus  
  155  11:15  Pylon  
  155  11:23  Photon Cannon  
  155  11:24  Photon Cannon  
  155  11:28  High Templar  
  155  11:29  High Templar x3  
  155  11:31  Dark Templar x4  
  163  11:33  High Templar  
  163  11:34  High Templar x2  
  169  11:49  Protoss Ground Weapons Level 3 (Chrono Boost)  
  169  11:50  Observer  
  170  11:59  Zealot x2  
  174  12:03  Pylon  
  174  12:04  Pylon  
  174  12:06  Pylon  
  174  12:10  Zealot x4  
  174  12:11  Zealot x2  
  186  12:15  Zealot  
  188  12:27  Photon Cannon  
  175  12:36  Zealot x6  
  151  12:38  Protoss Shields Level 1 (Chrono Boost)  
  145  12:58  Observer  
  142  13:01  Stalker x5  
  134  13:16  High Templar x4  
  140  13:24  Pylon  
  139  13:30  Photon Cannon  
  139  13:32  Photon Cannon  
  139  13:38  Photon Cannon  
  139  13:41  Stalker x3  
  145  13:47  Probe  
  145  13:48  Probe x2  
  145  13:49  Probe  
  145  13:51  High Templar x2  
  145  13:52  High Templar x2  
  157  13:57  Archon x2, Immortal  
  160  14:20  Zealot x3  
  160  14:44  Zealot x7  
  160  14:45  Zealot x2  
  144  14:59  Archon x2  
  128  15:04  Assimilator  
  128  15:06  Assimilator  
  128  15:10  High Templar x3  
  126  15:17  Nexus, Zealot x4  
  126  15:18  Pylon, Zealot x2  
Tags
 
Add a new tag
Caveats
  • Supply blocks, unpowered buildings, or Contaminate may cause inaccurate times.
  • Supply counts are checked every 10 seconds.